 Dungeon Crawl Stone Soup version 0.31-a0-662-g684573625c (webtiles) character file.

Game seed: 13552829389583526351

39 ytrimaz the Insei (level 3, -4/26 HPs)
             Began as a Demonspawn Shapeshifter on Aug 31, 2023.
             Slain by a gnoll
             ... wielding a +0 flail
              (6 damage)
             ... on level 2 of the Dungeon.
             The game lasted 00:01:17 (1242 turns).

ytrimaz the Insei (Demonspawn Shapeshifter)         Turns: 1242, Time: 00:01:18

Health: -4/26      AC:  2    Str: 14    XL:     3   Next: 28%
Magic:  3/3        EV: 12    Int: 11    God:
Gold:   53         SH:  0    Dex: 14    Spells: 2/2 levels left

rFire   . .          .
                       - Unarmed
rCold   . . .        (no shield)
rNeg    . . .        a - +0 animal skin
rPois   .            (helmet currently unavailable)
rElec   .            (cloak currently unavailable)
rCorr   .            (gloves currently unavailable)
SInv    .            (boots currently unavailable)
Will    .....        (no amulet)
Stlth   +            (no ring)
HPRegen 0.24/turn    (no ring)
MPRegen 0.08/turn

%: no passive effects
@: beast-form
A: beast (slay +1), spiny 1, demonic touch 1
a: Begin Untransformation


You were on level 2 of the Dungeon.
You were a hulking beast.
You visited 1 branch of the dungeon, and saw 2 of its levels.

You collected 81 gold pieces.
You spent 28 gold pieces at shops.


Innate Abilities, Weirdness & Mutations

You are a hulking beast.
Your limbs bulge with bestial killing power. (Slay +1)
You are partially covered in sharp spines.
Your touch may inflict minor irresistible damage on your foes.


   Skills:
 - Level 1.0 Fighting
 + Level 2.4 Dodging
 + Level 3.1 Unarmed Combat
 + Level 3.1 Shapeshifting


You had 2 spell levels left.
You didn't know any spells.
Your spell library contained the following spells:

 Spells                   Type           Power      Damage    Failure   Level
 Wereblood                Tmut           0%         N/A       47%         2
 Dazzling Flash           Conj/Hex       0%         N/A       71%         3
 Volatile Blastmotes      Fire/Tloc      0%         2d10      71%         3
 Irradiate                Conj/Tmut      0%         3d11      100%        5
 Starburst                Conj/Fire      0%         6d3       100%        6
 Maxwell's Capacitive Co  Air            0%         ∞         100%        8

Inventory:

Armour
 a - a +0 animal skin (worn)
Talismans
 c - a beast talisman (active)
 d - a flux talisman
Scrolls
 e - a scroll of enchant armour {unknown}
 f - a scroll of silence {unknown}
 h - 3 scrolls of immolation {unknown}
 k - a scroll of teleportation {unknown}
 l - a scroll of amnesia {unknown}
Potions
 g - a potion of berserk rage {unknown}
 j - 2 potions of might
 m - a potion of enlightenment {unknown}

Dungeon Overview and Level Annotations

Branches:
Dungeon (2/15) Zot: 10760

Altars:
Okawaru

Shops:
D:1

? ####### ..#.# # #.#<# # ###
#.#.# # ..# # ######.#)# #
##.##.# #...##.#$## ############
#...#(####.#........ ...........#
#.#..#..............
##########.###..g#.#####.##.....#
#......hg...............
######B##.###...##...#..
#.##.....#.....##..
#.######...#######. #.. ....# .
#.# ###..# #.# ...# #.# .#.#
#.#.#


You could see 2 gnolls and a giant cockroach.


Message History

😎 HP[+10]
Your hp is fully restored (21).
You now have 53 gold pieces (gained 13).
Key pressed, stopping explore.
Found a stone staircase leading down.
Key pressed, stopping explore.
An adder comes into view.
The adder hisses angrily.
An adder is nearby!
An adder is nearby!
An adder is nearby!
An adder is nearby!
You hit the adder. The adder is struck by your spines. The adder bites you.
You miss the adder. The adder bites you. 😕 HP[-5]
You take 5 damage, and now have 16/21 hp.
MASSIVE DAMAGE!! (PAUSE)
You barely miss the adder. The adder bites you.
The adder barely misses you. 😮 HP[-2]
You take 2 damage, and now have 14/21 hp.
You are too injured to fight recklessly!
You hit the adder.
You kill the adder!
You have reached level 3!
Your experience leads to an increase in your attributes!
Increase (S)trength, (I)ntelligence, or (D)exterity?
You feel agile. x2; Your demonic ancestry asserts itself...
Your hands begin to faintly glow with unholy energy. 😮 HP[+3] MP[+1]
You now have 26 max hp (+5).
You regained 3 hp, and now have 17/26 hp.
Your mp is fully restored (3).
Key pressed, stopping explore.
A gnoll comes into view. It is wielding a +0 flail. 😎 HP[+9]
Your hp is fully restored (26).
Unknown command.
A gnoll is nearby!
A gnoll is nearby!
A gnoll is nearby!
The gnoll shouts!
The gnoll hits you with a +0 flail. 😕 HP[-2]
You take 2 damage, and now have 24/26 hp.
You barely miss the gnoll. The gnoll is struck by your spines.
The gnoll closely misses you.
You closely miss the gnoll. The gnoll is struck by your spines.
The gnoll misses you.
A gnoll comes into view. It is wielding a +0 halberd. 😕 HP[+1]
The gnoll shouts!
You hit the gnoll. You punch the gnoll.
You kill the gnoll!
You hear a shout!
Unknown command.
A gnoll comes into view. It is wielding a +0 flail.
The gnoll shouts!
Things that are here:
a +0 flail; a gnoll corpse You closely miss the gnoll.
A giant cockroach comes into view.
The gnoll closely misses you.
You hit the gnoll. The gnoll closely misses you.
The gnoll is struck by your spines.
The gnoll hits you with a +0 flail! 😮 HP[-8]
You take 8 damage, and now have 17/26 hp.
MASSIVE DAMAGE!! (PAUSE)
You hit the gnoll. The gnoll barely misses you.
The gnoll hits you with a +0 halberd!
* * * LOW HITPOINT WARNING * * *
You are too injured to fight recklessly! 😱 HP[-11]
You take 11 damage, and now have 6/26 hp.
MASSIVE DAMAGE!! (PAUSE)
You are too injured to fight recklessly!
Unknown command.
Your transformation has ended.
You turn into a tree.
Your +0 animal skin melds into your body.
Your roots penetrate the ground.
The gnoll hits you with a +0 halberd.
* * * LOW HITPOINT WARNING * * *
The gnoll completely misses you. 😱 HP[+1]
You now have 39 max hp (+13).
Unknown command.
You closely miss the gnoll. The gnoll hits you but does no damage.
The gnoll hits you with a +0 flail.
* * * LOW HITPOINT WARNING * * *
😱 HP[-4]
You take 4 damage, and now have 3/39 hp.
Unknown command.
It was a potion of cancellation.
Your magical effects are unravelling.
You feel magically purged.
You feel less wooden.
Your +0 animal skin unmelds from your body.
You turn into a hulking beast.
The gnoll is struck by your spines. The gnoll misses you.
The gnoll is struck by your spines. The gnoll hits you with a +0 flail.
You die...

Skill      XL: |  1  2 |
---------------+-------+-----
Dodging        | 2 |  2.4
Unarmed Combat | 3 |  3.1
Shapeshifting  | 3 |  3.1
Fighting       | |  1.0

Action                     || total
---------------------------++-------
  Melee: Unarmed           ||    43
         Punch             ||     2
    Use: Scroll            ||     1
         Potion            ||     2
   Stab: Sleeping          ||     1
 Armour: Animal skin       ||    21
         Skin              ||     3
  Dodge: Dodged            ||    27

Levels and vault maps discovered:
D:1:      tarquinn_simple_flora_water_e, layout_basic, serial_shops,
          nicolae_shop_behind_doors
D:2:      layout_loops_ring, basic_altar, hex_tiny

Notes
Turn   | Place    | Note
-------+----------+-------------------------------------------
     0 | D:1      | ytrimaz the Demonspawn Shapeshifter began the quest for the
                  | Orb.
     0 | D:1      | Reached XP level 1. HP: 15/15 MP: 1/1
     0 | D:1      | magus.rc [v1.9.6]
    43 | D:1      | You pick up a book of Spectacle and begin reading...
    43 | D:1      | You add the spells Volatile Blastmotes, Dazzling Flash,
                  | Starburst and Maxwell's Capacitive Coupling to your
                  | library.
   190 | D:1      | You pick up a book of Changes and begin reading...
   190 | D:1      | You add the spells Wereblood and Irradiate to your library.
   305 | D:1      | You fall into a shaft and drop 1 floor!
   400 | D:1      | Reached skill level 2 in Dodging
   461 | D:1      | Gained mutation: You are partially covered in sharp spines.
                  | [demonic ancestry]
   461 | D:1      | Reached XP level 2. HP: 21/21 MP: 2/2
   738 | D:1      | Found Giaroble's Magic Scroll Shoppe.
   741 | D:1      | Bought a scroll of identify for 28 gold pieces
   867 | D:2      | Reached skill level 3 in Unarmed Combat
   868 | D:2      | HP: 5/21 [goblin/sling bullet (5)]
   972 | D:2      | Found an iron altar of Okawaru.
   994 | D:2      | Reached skill level 3 in Shapeshifting
  1155 | D:2      | Gained mutation: Your touch may inflict minor irresistible
                  | damage on your foes. [demonic ancestry]
  1155 | D:2      | Reached XP level 3. HP: 17/26 MP: 3/3
  1239 | D:2      | HP: 6/26 [gnoll/+0 halberd (12)]
  1242 | D:2      | Slain by a gnoll

Vanquished Creatures
  A gnoll (D:2)
  An adder (D:2)
  3 ball pythons (D:1)
  A bat (D:1)
  3 endoplasms
  3 goblins
  3 hobgoblins
  A quokka (D:1)
  A frilled lizard (D:1)
  A kobold (D:1)
  2 rats (D:1)
20 creatures vanquished.

Table legend:
 A = Non-vault XP
 B = Vault XP
 C = Vault XP percentage of total XP
 D = Non-vault monster count
 E = Vault monster count
 F = Vault count percentage of total count
                 A         B        C        D         E       F
            +---------+---------+-------+---------+---------+-------
      Total |      57 |       0 |   0.0 |      20 |       0 |   0.0
            +---------+---------+-------+---------+---------+-------
        D:1 |      20 |       0 |   0.0 |      13 |       0 |   0.0
        D:2 |      37 |       0 |   0.0 |       7 |       0 |   0.0
            +---------+---------+-------+---------+---------+-------

Skill      XL: |  1  2 |
---------------+-------+-----
Dodging        | 2 |  2.4
Unarmed Combat | 3 |  3.1
Shapeshifting  | 3 |  3.1
Fighting       | |  1.0

Action                     || total
---------------------------++-------
  Melee: Unarmed           ||    43
         Punch             ||     2
    Use: Scroll            ||     1
         Potion            ||     2
   Stab: Sleeping          ||     1
 Armour: Animal skin       ||    21
         Skin              ||     3
  Dodge: Dodged            ||    27

Illustrated notes

Table legend:
 A = Kills in this place as a percentage of kills in the entire game.
 B = Kills by you in this place as a percentage of kills by you in the entire game.
 C = Kills by friends in this place as a percentage of kills by friends in the entire game.
 D = Other kills in this place as a percentage of other kills in the entire game.
 E = Experience gained in this place as a percentage of experience gained in the entire game.
 F = Experience gained in this place divided by the number of levels of this place that you have seen.
                   A       B       C       D       E      F
               +-------+-------+-------+-------+-------+----------------------
         Total | 100.0 | 100.0 |   N/A |   N/A | 100.0 |  28.5
       Dungeon | 100.0 | 100.0 |   N/A |   N/A | 100.0 |  28.5
               +-------+-------+-------+-------+-------+----------------------

Table legend: (Time is in decaauts)
 A = Elapsed time spent in this place.
 B = Non-inter-level travel time spent in this place.
 C = Inter-level travel time spent in this place.
 D = Time resting spent in this place.
 E = Time spent auto-exploring this place.
 F = Levels seen in this place.
 G = Mean time per level.
                   A        B        C        D        E       F      G
               +--------+--------+--------+--------+--------+-----+--------+
         Total |   1238 |   1227 |     11 |      0 |   1060 |   2 |  619.0 |
       Dungeon |   1238 |   1227 |     11 |      0 |   1060 |   2 |  619.0 |
               +--------+--------+--------+--------+--------+-----+--------+

Top non-repeatable levels by time:
     D:1: 838 daAuts
     D:2: 400 daAuts
